 Dungeon Crawl Stone Soup version 0.30.2 (webtiles) character file.

Game seed: 16188470728345282085

32102 porpoise the Fighter (level 13, 0/90 HPs)
             Began as a Demonspawn Summoner on Feb 1, 2024.
             Was an Elder of Hepliaklqana.
             Slain by an eight-headed hydra (5 damage)
             ... on level 5 of the Lair of Beasts.
             The game lasted 01:29:28 (16380 turns).

porpoise the Fighter (Demonspawn Summoner)         Turns: 16380, Time: 01:29:29

Health: 0/90       AC: 16    Str: 10    XL:     13   Next: 29%
Magic:  23/23      EV: 21    Int: 24    God:    Hepliaklqana [****..]
Gold:   520        SH:  0    Dex: 19    Spells: 9/26 levels left

rFire   + . .        a - +5 whip of Yreneexe {drain, rF+ Str+4}
rCold   . . .        (no shield)
rNeg    . . .        E - +0 steam dragon scales
rPois   +            l - +2 helmet of the Harvest {Regen+ Str-4 Int+3 Slay+4}
rElec   .            w - +0 cloak {rPois}
rCorr   +            q - +0 pair of gloves of Surprise {rCorr}
SInv    .            N - +0 pair of boots
Will    .....        h - amulet of regeneration
Stlth   ++           e - +5 ring of evasion
HPRegen 1.95/turn    A - +6 ring of dexterity
MPRegen 0.18/turn

%: no passive effects
@: confused, lethally poisoned (0 -> -1), about to teleport, ambrosia-drunk,
slowed, very slow
A: reduced essence, icy blue scales 2, spiny 1, condensation shield, demonic
touch 2
a: Renounce Religion, Recall Ancestor, Ancestor Identity, Transference, Idealise


You were on level 5 of the Lair of Beasts.
You worshipped Hepliaklqana.
Hepliaklqana was greatly pleased with you.
You visited 3 branches of the dungeon, and saw 16 of its levels.
You also visited: Sewer, Ossuary, Gauntlet and Ice Cave.

You collected 954 gold pieces.
You spent 434 gold pieces at shops.

Inventory:

Hand Weapons
 a - the +5 whip of Yreneexe (weapon) {drain, rF+ Str+4}
   (You found it on level 3 of the Dungeon)

   Str:       It affects your strength (+4).
   rF:        It protects you from fire.
Missiles
 f - 4 poisoned darts
 G - 6 silver javelins
 T - a curare-tipped dart (quivered)
Armour
 l - the +2 helmet of the Harvest (worn) {Regen+ Str-4 Int+3 Slay+4}
   (You found it on level 4 of the Lair of Beasts)

   Str:       It affects your strength (-4).
   Int:       It affects your intelligence (+3).
   Slay:      It affects your accuracy & damage with ranged weapons and melee
   (+4).
   Regen:     It increases your rate of health regeneration.
 q - the +0 pair of gloves of Surprise (worn) {rCorr}
   (You found it in a Gauntlet)

   rCorr:     It protects you from acid and corrosion.
 w - a +0 cloak of poison resistance (worn)
 E - +0 steam dragon scales (worn)
 N - a +0 pair of boots (worn)
Jewellery
 b - a ring of protection from cold
 e - a +5 ring of evasion (left hand)
 h - an amulet of regeneration (around neck)
 A - a +6 ring of dexterity (right hand)
 C - a ring of resist corrosion
Wands
 o - a wand of polymorph (19)
 I - a wand of flame (14)
 J - a wand of light (9)
 L - a wand of charming (4)
 X - a wand of roots (4)
Scrolls
 c - 6 scrolls of teleportation
 B - 2 scrolls of fear
 P - 3 scrolls of fog
 Q - 5 scrolls of poison
 R - 2 scrolls of butterflies
 Y - 4 scrolls of identify
Potions
 d - a potion of flight
 g - a potion of mutation
 j - 7 potions of magic
 m - 4 potions of lignification
 p - 3 potions of curing
 r - 5 potions of attraction
 s - 5 potions of heal wounds
 u - 6 potions of might
 x - 3 potions of invisibility
 F - 2 potions of berserk rage
 K - a potion of haste
 O - a potion of cancellation


   Skills:
 - Level 9.0 Fighting
 - Level 2.0 Maces & Flails
 - Level 7.0 Armour
 - Level 7.0 Dodging
 - Level 7.0 Stealth
 - Level 7.0 Spellcasting
 - Level 6.0 Hexes
 - Level 9.0 Summonings
 + Level 7.7 Air Magic
 + Level 8.4 Invocations
 - Level 5.0 Evocations


You had 9 spell levels left.
You knew the following spells:

 Your Spells              Type           Power      Damage    Failure   Level
a - Summon Small Mammal   Summ           100%       N/A       1%          1
b - Call Imp              Summ           100%       N/A       1%          2
c - Call Canine Familiar  Summ           51%        N/A       1%          3
d - Summon Guardian Gole  Hex/Summ       44%        N/A       1%          3
r - Airstrike             Air            22%        2d(4-20)  3%          4
s - Summon Lightning Spi  Summ/Air       48%        N/A       2%          4

Your spell library contained the following spells:

 Spells                   Type           Power      Damage    Failure   Level
 Shock                    Conj/Air       100%       1d9       1%          1
 Swiftness                Air            45%        N/A       1%          3
 Static Discharge         Conj/Air       54%        2-5/arc   2%          2
 Ensorcelled Hibernation  Hex/Ice        44%        N/A       3%          2
 Cause Fear               Hex            18%        N/A       6%          4
 Beastly Appendage        Tmut           16%        N/A       7%          1
 Mephitic Cloud           Conj/Pois/Air  20%        N/A       8%          3
 Sublimation of Blood     Necr           8%         N/A       11%         2
 Wereblood                Tmut           8%         N/A       11%         2
 Anguish                  Hex/Necr       11%        N/A       21%         4
 Fulminant Prism          Conj/Hex       11%        3d9       21%         4
 Spider Form              Tmut/Pois      8%         N/A       22%         3
 Volatile Blastmotes      Fire/Tloc      16%        2d11      22%         3
 Summon Forest            Summ/Tloc      15%        N/A       30%         5
 Iskenderun's Mystic Bla  Conj/Tloc      8%         2d4       56%         4
 Manifold Assault         Tloc           8%         N/A       56%         4
 Petrify                  Tmut/Erth      8%         N/A       56%         4
 Summon Hydra             Summ           25%        N/A       83%         7
 Irradiate                Conj/Tmut      4%         3d13      89%         5
 Lee's Rapid Deconstruct  Erth           4%         3d5*      89%         5
 Enfeeble                 Hex            18%        N/A       99%         7
 Dispersal                Tloc           4%         N/A       100%        6
 Eringya's Noxious Bog    Tmut/Pois      4%         N/A       100%        6
 Dragon Form              Tmut           4%         N/A       100%        7
 Haunt                    Necr/Summ      15%        N/A       100%        7
 Disjunction              Tloc           4%         N/A       100%        8
 Necromutation            Tmut/Necr      4%         N/A       100%        8
 Dragon's Call            Summ           25%        N/A       100%        9


Dungeon Overview and Level Annotations

Branches:
Dungeon (10/15)            Temple (1/1) D:6            Lair (5/5) D:10
 Shoals (0/4) Lair:3       Spider (0/4) Lair:3        Slime (0/5) Lair:4
  Sewer (visited)         Ossuary (visited)           IceCv (visited)
Gauntlet (visited)
    Orc: D:9-12

Altars:
Ashenzari
Cheibriados
Dithmenos
Fedhas
Gozag
Hepliaklqana
Kikubaaqudgha
Makhleb
Nemelex Xobeh
Okawaru
Qazlal
Ru
Sif Muna
Trog
Uskayaw
Vehumet
Wu Jian
Xom
Yredelemnul
Jiyva

Shops:
D:1 [   D:10 (


Innate Abilities, Weirdness & Mutations

Your life essence is reduced to manifest your ancestor. (-10% HP)
You are mostly covered in icy blue scales. (AC +3)
You are partially covered in sharp spines.
A meltable shield of frost defends you. (SH +4)
Your touch may inflict irresistible damage on your foes.


Message History

* * * LOW HITPOINT WARNING * * *
The eight-headed hydra is struck by your spines.
The eight-headed hydra bites you but does no damage.
The eight-headed hydra misses you.
The eight-headed hydra completely misses you.
The eight-headed hydra bites you but does no damage.
The eight-headed hydra misses you.
The eight-headed hydra barely misses you.
The eight-headed hydra misses you.
The eight-headed hydra bites you but does no damage.
The hornet completely misses you. The wyvern misses you.
You feel sick. The hornet stings you.
* * * LOW HITPOINT WARNING * * *
The wyvern completely misses you. The komodo dragon closely misses you.
The eight-headed hydra bites you.
* * * LOW HITPOINT WARNING * * *
The eight-headed hydra completely misses you.
The eight-headed hydra bites you but does no damage.
The eight-headed hydra completely misses you.
The eight-headed hydra closely misses you.
The eight-headed hydra barely misses you.
The eight-headed hydra closely misses you.
The eight-headed hydra bites you but does no damage.
The wyvern bites you but does no damage.
The blink frog blinks!
The hornet stings you but does no damage.
The komodo dragon is struck by your spines.
The komodo dragon misses you.
The eight-headed hydra is struck by your spines.
The eight-headed hydra closely misses you.
The eight-headed hydra bites you.
* * * LOW HITPOINT WARNING * * *
The eight-headed hydra bites you!
* * * LOW HITPOINT WARNING * * *
The eight-headed hydra closely misses you. x2
The eight-headed hydra bites you.
* * * LOW HITPOINT WARNING * * *
The eight-headed hydra barely misses you.
The eight-headed hydra bites you.
You die...

##P...##..####.....~~.~#
##.......# ........~P~ ~
##...#.#..# #P.....~~~~~~
#...##.....##......~##~~~
##..# ###.####.....~~P~#~
##.## ####.#......~.~~~
#...####.# #...§..~~~~~~
#.....##.###..lDl..##~#
#..............@...#
##..............yF.~~~~
##........†........~~~~~
##..................##~#~
#.....#......#......~# #
###..P####..##......~~~
##...# .+##P......~~~~
#...## .. #......~##~~
#....# ... ...~


You could see an eight-headed hydra, a komodo dragon, a blink frog, a hornet and
a wyvern.

Vanquished Creatures
  A minotaur (Gauntlet)
  Harold (D:9)
  A hydra (Lair:2)
  An anaconda (Lair:4)
  Nergalle (D:10)
  Pikel (D:4)
  2 black mambas
  2 elephants
  5 cane toads
  A rime drake (Lair:1)
  An efreet (Gauntlet)
  3 komodo dragons
  A kobold demonologist (D:7)
  A wind drake (Lair:3)
  2 hornets
  A polar bear (Lair:2)
  9 blink frogs
  12 yaks
  A fire elemental (Gauntlet)
  A hog (Lair:3)
  3 steam dragons
  Grum (D:9)
  Edmund (D:4)
  7 water moccasins
  A hell hound (Gauntlet)
  Duvessa (D:5)
  3 orc warriors
  A black bear (Lair:2)
  A hornet zombie (Ossuary)
  An ice beast (D:5)
  An ogre (D:5)
  8 wolves
  6 centaurs
  3 kobold brigands
  9 bullfrogs
  A gnoll sergeant (D:9)
  A wyvern zombie (Ossuary)
  2 water moccasin zombies (Ossuary)
  Dowan (D:5)
  3 wights (D:7)
  3 centaur zombies (Ossuary)
  2 bullfrog zombies (Ossuary)
  4 hounds
  A komodo dragon simulacrum (IceCv)
  5 orc priests
  A jelly (D:5)
  6 orc wizards
  A sleepcap (D:7)
  4 hell rats
  A killer bee zombie (Ossuary)
  9 mummies (Ossuary)
  A howler monkey zombie (Ossuary)
  An acid dragon simulacrum (IceCv)
  7 gnolls
  4 adders
  3 shadow imps
  A steam dragon simulacrum (IceCv)
  3 worms
  A dart slug (D:4)
  25 orcs
  7 bats
  5 endoplasms
  4 giant cockroaches
  17 goblins
  9 hobgoblins
  5 jackals
  4 quokkas
  2 ball pythons (D:4)
  2 frilled lizards (D:3)
  25 kobolds
  2 rats
268 creatures vanquished.

Vanquished Creatures (collateral kills)
  Kirke (Lair:3)
  A skyshark (Lair:5)
  2 elephants (Lair:1)
  A manticore (Lair:3)
  3 black mambas (Lair:4)
  5 cane toads
  A gargoyle (D:10)
  4 komodo dragons
  2 rime drakes
  2 trolls (D:10)
  2 polar bears
  5 blink frogs
  A wraith (D:10)
  9 yaks
  A basilisk (Lair:2)
  A wyvern (Lair:3)
  A hog (Lair:3)
  5 water moccasins
  2 hornet zombies (Ossuary)
  An ice beast (D:5)
  2 wolves
  A phantom (D:2)
  3 kobold brigands (D:9)
  3 bullfrogs
  A water moccasin zombie (Ossuary)
  3 wights (D:7)
  2 wyvern zombies (Ossuary)
  2 crimson imps (Gauntlet)
  A centaur zombie (Ossuary)
  A komodo dragon simulacrum (IceCv)
  A hound (D:6)
  An orc priest (D:6)
  A jelly (D:4)
  Jessica (D:2)
  3 orc wizards
  5 hell rats
  A howler monkey zombie (Ossuary)
  6 mummies (Ossuary)
  Robin (D:2)
  4 gnolls
  An acid dragon simulacrum (IceCv)
  3 adders
  A steam dragon simulacrum (IceCv)
  9 orcs
  5 bats
  2 endoplasms
  2 giant cockroaches
  9 goblins
  7 hobgoblins
  9 jackals
  2 ball pythons
  2 frilled lizards (D:1)
  12 kobolds
  5 rats
162 creatures vanquished.

Vanquished Creatures (others)
  A hydra (Lair:2)
  A blink frog (Lair:1)
  A yak (D:10)
  2 hogs (Lair:3)
  An ice beast (D:6)
  A wolf (Lair:1)
  6 battlemagi
13 creatures vanquished.

Grand Total: 443 creatures vanquished

Notes
Turn   | Place    | Note
-------+----------+-------------------------------------------
     0 | D:1      | porpoise the Demonspawn Summoner began the quest for the
                  | Orb.
     0 | D:1      | Reached XP level 1. HP: 13/13 MP: 3/3
    88 | D:1      | Found Xakhevost's Antique Armour Emporium.
   245 | D:1      | Gained mutation: A meltable shield of frost defends you.
                  | (SH +4) [demonic ancestry]
   245 | D:1      | Reached XP level 2. HP: 19/19 MP: 0/5
   690 | D:1      | Reached XP level 3. HP: 24/24 MP: 2/7
   770 | D:1      | Found a faded altar of an unknown god.
   782 | D:1      | Learned a level 2 spell: Call Imp
   786 | D:1      | Learned a level 3 spell: Call Canine Familiar
  1412 | D:2      | Reached XP level 4. HP: 22/30 MP: 3/8
  1418 | D:2      | Reached skill level 5 in Summonings
  1514 | D:2      | Noticed a phantom
  1537 | D:2      | Killed a phantom
  1538 | D:2      | Gained mutation: Your touch may inflict minor irresistible
                  | damage on your foes. [demonic ancestry]
  1538 | D:2      | Reached XP level 5. HP: 23/35 MP: 10/10
  1859 | D:2      | Noticed Jessica
  1867 | D:2      | Killed Jessica
  2158 | D:2      | Noticed Robin
  2162 | D:2      | Reached XP level 6. HP: 35/41 MP: 6/12
  2213 | D:2      | Killed Robin
  3122 | D:3      | Identified the +5 whip of Yreneexe {drain, rF+ Str+4}
  3784 | D:4      | Noticed Edmund
  3796 | D:4      | Killed Edmund
  3797 | D:4      | Reached skill level 5 in Spellcasting
  3799 | D:4      | Reached XP level 7. HP: 43/47 MP: 7/14
  3802 | D:4      | Reached skill level 1 in Fighting
  3876 | D:4      | Learned a level 3 spell: Summon Guardian Golem
  3881 | D:4      | Learned a level 4 spell: Summon Lightning Spire
  4444 | D:4      | Noticed Pikel
  4469 | D:4      | Killed Pikel
  4470 | D:4      | Gained mutation: You are partially covered in icy blue
                  | scales. (AC +2) [demonic ancestry]
  4470 | D:4      | Reached XP level 8. HP: 42/58 MP: 12/15
  4525 | D:5      | Entered Level 5 of the Dungeon
  4585 | D:5      | Found a glowing drain.
  4624 | Sewer    | Entered a sewer
  4960 | D:5      | Noticed Duvessa
  4960 | D:5      | Noticed Dowan
  4976 | D:5      | Killed Duvessa
  4977 | D:5      | Reached skill level 5 in Hexes
  4981 | D:5      | Reached skill level 5 in Fighting
  4984 | D:5      | Killed Dowan
  5774 | D:6      | Found a staircase to the Ecumenical Temple.
  5793 | Temple   | Entered the Ecumenical Temple
  6092 | Temple   | Became a worshipper of Hepliaklqana the Forgotten
  6597 | D:7      | Reached skill level 1 in Air Magic
  6597 | D:7      | Reached skill level 1 in Invocations
  6597 | D:7      | Reached skill level 1 in Evocations
  6597 | D:7      | Reached XP level 9. HP: 70/72 MP: 16/16
  6957 | D:7      | Reached * piety under Hepliaklqana
  7401 | D:7      | Noticed a kobold demonologist
  7408 | D:7      | Noticed an orange demon
  7411 | D:7      | Noticed an ice devil
  7413 | D:7      | Killed a kobold demonologist
  7414 | D:7      | Reached skill level 5 in Invocations
  7594 | D:8      | Found a sand-covered staircase.
  7630 | Ossuary  | Entered an ossuary
  7668 | Ossuary  | Gained mutation: Your touch may inflict irresistible damage
                  | on your foes. [demonic ancestry]
  7668 | Ossuary  | Reached XP level 10. HP: 71/71 MP: 17/17
  7705 | Ossuary  | Reached skill level 5 in Evocations
  7861 | Ossuary  | Reached skill level 5 in Air Magic
  7893 | Ossuary  | Reached skill level 1 in Armour
  8542 | D:9      | Noticed Grum
  8564 | D:9      | Killed Grum
  8653 | D:9      | Reached ** piety under Hepliaklqana
  8656 | D:9      | Remembered your ancestor Nikki as a battlemage
  8864 | D:9      | Found a shimmering blue altar of Sif Muna.
  8886 | D:9      | Found a snail-covered altar of Cheibriados.
  8886 | D:9      | Found a broken altar of Ashenzari.
  8886 | D:9      | Found an ornate altar of the Wu Jian Council.
  8899 | D:9      | Identified the +1 falchion of Indomitability {holy, rN++}
  9105 | D:9      | Noticed Harold
  9118 | D:9      | Killed Harold
  9119 | D:9      | Reached skill level 1 in Maces & Flails
  9287 | D:10     | Entered Level 10 of the Dungeon
  9292 | D:10     | Got the Catalogue of the Aged Xeniums
  9337 | D:10     | Noticed a gargoyle
  9347 | D:10     | Killed a gargoyle
  9524 | D:10     | Gained mutation: You are mostly covered in icy blue scales.
                  | (AC +3) [demonic ancestry]
  9524 | D:10     | Reached XP level 11. HP: 75/75 MP: 10/18
  9580 | D:10     | Found a staircase to the Lair.
  9982 | D:10     | Noticed Nergalle
 10002 | D:10     | Killed Nergalle
 10003 | D:10     | Reached skill level 5 in Dodging
 10125 | D:10     | Found Pouralit's Antique Weapon Shoppe.
 10133 | D:10     | Bought a glowing quarterstaff for 217 gold pieces
 10133 | D:10     | Bought a glowing quarterstaff for 217 gold pieces
 10456 | Lair:1   | Entered Level 1 of the Lair of Beasts
 10484 | Lair:1   | Reached *** piety under Hepliaklqana
 10562 | Lair:1   | Reached skill level 5 in Armour
 11534 | Lair:1   | Learned a level 4 spell: Airstrike
 11568 | Lair:2   | Noticed a four-headed hydra
 11581 | Lair:2   | Killed a four-headed hydra
 11588 | Lair:2   | Noticed an eight-headed hydra
 11599 | Lair:2   | Killed an eight-headed hydra
 11805 | Lair:2   | Reached XP level 12. HP: 33/84 MP: 16/22
 12126 | Lair:2   | Found a frozen archway.
 12214 | IceCv    | Entered an ice cave
 12282 | IceCv    | HP: 2/85 [something] (14)]
 12892 | Lair:3   | Found a hole to the Spider Nest.
 12908 | Lair:3   | Reached **** piety under Hepliaklqana
 13175 | Lair:3   | Noticed Kirke
 13189 | Lair:3   | Killed Kirke
 13325 | Lair:3   | Found a staircase to the Shoals.
 13637 | Lair:3   | Reached skill level 5 in Stealth
 13965 | Lair:4   | Noticed an anaconda
 13975 | Lair:4   | Killed an anaconda
 14100 | Lair:4   | Identified the +1 robe of the Minstrel {+Blink +Inv rPois
                  | Int+3}
 14116 | Lair:4   | Found a gate leading to a gauntlet.
 14125 | Gauntlet | Entered a Gauntlet
 14125 | Gauntlet | Found a transporter.
 14125 | Gauntlet | Found a transporter.
 14127 | Gauntlet | Noticed a death scarab
 14144 | Gauntlet | Found a transporter.
 14148 | Gauntlet | Found a transporter.
 14154 | Gauntlet | Noticed a tengu warrior
 14162 | Gauntlet | Found a transporter.
 14166 | Gauntlet | Found a transporter.
 14185 | Gauntlet | Found a transporter.
 14194 | Gauntlet | Found a runed translucent door.
 14198 | Gauntlet | Found a transporter.
 14220 | Gauntlet | Found a transporter.
 14228 | Gauntlet | Found a transporter.
 14238 | Gauntlet | Found a transporter.
 14242 | Gauntlet | Found a transporter.
 14303 | Gauntlet | Identified the +0 pair of gloves of Surprise {rCorr}
 14455 | Gauntlet | Gained mutation: You are partially covered in sharp spines.
                  | [demonic ancestry]
 14455 | Gauntlet | Reached XP level 13. HP: 90/90 MP: 23/23
 14576 | Gauntlet | Noticed a minotaur
 14593 | Gauntlet | Killed a minotaur
 14637 | Gauntlet | Got the Handbook of Venom and the Entourage
 14652 | Gauntlet | Identified the +8 dagger of the Chickpea {pain, rF+ Will+
                  | MP+9 Str+3}
 14653 | Gauntlet | Got the Compilation of Bewitchment
 15051 | Lair:4   | Identified the +2 helmet of the Harvest {Regen+ Str-4 Int+3
                  | Slay+4}
 16077 | Lair:4   | Found a viscous altar of Jiyva.
 16077 | Lair:4   | Found a staircase to the Slime Pits.
 16183 | Lair:5   | Entered Level 5 of the Lair of Beasts
 16380 | Lair:5   | Slain by an eight-headed hydra

Illustrated notes

Levels and vault maps discovered:
D:1:      nicolae_arrival_memento_mori, layout_loops_cross,
          shapermc_ecumenical_altar_mp_highgroup, serial_shops, shop
D:2:      layout_rooms, uniq_robin, uniq_jessica
D:3:      corexii_shack_village, layout_loops_cross
D:4:      layout_loops_ring, nicolae_concentric_dashed_squares_mild,
          ebering_dispersal_statue_hall, uniq_edmund, uniq_pikel
D:5:      layout_basic, portal_sewer_entry_a, uniq_duvessa
D:6:      layout_rooms, minmay_temple_entry_drinking_statues
D:7:      layout_loops_cross, kennysheep_generic_room_13
D:8:      layout_basic, lightli_ossuary_entry_decrepit_ruins,
          kennysheep_generic_room_9
D:9:      layout_basic, grunt_temple_overflow_open, minmay_unpleasant_kobolds,
          uniq_harold, uniq_grum
D:10:     layout_layer_cave, lair_entry_dummy, serial_shops, shop, uniq_nergalle
Temple:   minmay_temple_bridge_d
Lair:1:   layout_cave_pods
Lair:2:   layout_misc_corridors, serial_rivers, chequers_serial_rivers_micro_b,
          chequers_serial_rivers_large_a, chequers_serial_rivers_room_a,
          chequers_serial_rivers_micro_e, chequers_serial_rivers_micro_e,
          chequers_serial_rivers_micro_a, portal_ice_cave_entry_pillars_1
Lair:3:   layout_cellular_growth, minmay_shoals_entry_beasts,
          dummy_spider_entry, uniq_kirke
Lair:4:   beast_lair_carwin_large_3, layout_layer_cave,
          dpeg_slime_entry_enclosed, gauntlet_entry_generic
Lair:5:   gammafunk_lair_ancient_temple, layout_regular_city,
          lemuel_fruit_fields, lemuel_fruit_tree, uniq_nessos

Skill      XL: |  1  2  3  4  5  6  7  8  9 10 11 12 13 |
---------------+----------------------------------------+-----
Spellcasting   | 3 4 5 6 7 |  7.0
Summonings     | 5 6 7 8 9 |  9.0
Fighting       | 3 7 8 9 |  9.0
Hexes          | 3 5 6 |  6.0
Air Magic      | 1 4 6 7 |  7.7
Invocations    | 1 6 7 8 |  8.4
Evocations     | 1 4 5 |  5.0
Dodging        | 4 5 7 |  7.0
Armour         | 4 5 7 |  7.0
Maces & Flails | 2 |  2.0
Stealth        | 6 7 |  7.0

Action                     |  1- 3 |  4- 6 |  7- 9 | 10-12 | 13-15 || total
---------------------------+-------+-------+-------+-------+-------++-------
  Melee: Unarmed           |    27 |       |       |       |       ||    27
         Whip              |    81 |    82 |   271 |   474 |    76 ||   984
         Short sword       |       |    42 |       |       |       ||    42
         Touch             |       |    13 |    51 |   114 |    17 ||   195
         Punch             |       |     2 |     2 |     7 |     3 ||    14
         Dagger            |       |    21 |       |       |       ||    21
         Spear             |       |       |     7 |       |       ||     7
  Throw: Boomerang         |       |       |       |     1 |       ||     1
   Cast: Summon Small Mamm |    41 |     3 |     7 |     1 |       ||    52
         Call Imp          |     3 |    14 |    13 |    23 |     3 ||    56
         Call Canine Famil |     3 |    15 |    12 |    20 |     3 ||    53
         Summon Guardian G |       |       |     3 |     7 |       ||    10
         Airstrike         |       |       |       |     6 |       ||     6
         Summon Lightning  |       |       |       |     1 |     1 ||     2
 Invoke: Recall Ancestor   |       |       |     1 |     3 |     2 ||     6
         Ancestor Identity |       |       |     1 |       |       ||     1
         Ancestor Life: Ba |       |       |       |     1 |       ||     1
         Idealise          |       |       |       |       |     1 ||     1
         Transference      |       |       |       |       |     1 ||     1
  Evoke: Wand              |       |       |       |     2 |       ||     2
    Use: Potion            |     1 |     1 |     1 |     1 |     2 ||     6
         Scroll            |       |     5 |    11 |    11 |     1 ||    28
   Stab: Distracted        |     1 |     3 |     2 |     6 |     4 ||    16
         Sleeping          |       |     2 |     4 |     1 |       ||     7
 Armour: Robe              |    23 |    13 |       |     1 |       ||    37
         Animal skin       |       |    25 |    68 |       |       ||    93
         Steam dragon scal |       |       |    28 |   156 |    29 ||   213
  Dodge: Dodged            |   117 |    92 |   252 |   531 |   129 ||  1121
  Block: Other             |    24 |    25 |    56 |   115 |    19 ||   239
